 Dungeon Crawl Stone Soup version 0.27-a0-328-g7f782ed93a (webtiles) character file.

Game seed: 12937144394234761773

50 HoaS the Twirler (level 3, -3/21 HPs)
             Began as a Gargoyle Gladiator on Feb 11, 2021.
             Slain by a gnoll (4 damage)
             ... on level 2 of the Dungeon.
             The game lasted 00:02:27 (1136 turns).

HoaS the Twirler (Gargoyle Gladiator)               Turns: 1136, Time: 00:02:28

Health: -3/21      AC: 12    Str: 18    XL:     3   Next: 79%
Magic:  3/3        EV:  7    Int:  8    God:
Gold:   88         SH:  0    Dex: 11    Spells: 2/2 levels left

rFire    . . .     SeeInvis .   a - +0 quarterstaff
rCold    . . .     Faith    .   (shield currently unavailable)
rNeg     + . .     Spirit   .   h - +0 chain mail
rPois    ∞         Reflect  .   c - +0 helmet
rElec    +         Harm     .   (no cloak)
rCorr    .         Rampage  .   (no gloves)
Will     .....                  (no boots)
Stlth    ..........             (no amulet)
HPRegen  0.07/turn              (no ring)
MPRegen  0.08/turn              (no ring)

@: no status effects
A: negative energy resistance 1, electricity resistance, unbreathing,
petrification resistance, miasma immunity, AC +3
a: no special abilities


You were on level 2 of the Dungeon.
You visited 1 branch of the dungeon, and saw 2 of its levels.

You collected 88 gold pieces.

Inventory:

Hand Weapons
 a - a +0 quarterstaff (weapon)
Missiles
 d - 3 throwing nets (quivered)
Armour
 c - a +0 helmet (worn)
 h - a +0 chain mail (worn)
Jewellery
 e - an amulet of magic regeneration {unknown}
Potions
 f - a potion of brilliance {unknown}
 g - a potion of curing {unknown}


   Skills:
 - Level 2.1 Fighting
 * Level 4.6 Staves
 - Level 1.7 Throwing
 - Level 2.4 Dodging


You had 2 spell levels left.
You didn't know any spells.
Your spell library was empty.

Dungeon Overview and Level Annotations

Branches:
Dungeon (2/15)

Altars:


Innate Abilities, Weirdness & Mutations

You are resistant to torment.
Your stone body is resilient. (AC +3)
You are immune to poison.
You resist negative energy. (rN+)
You are resistant to electric shocks. (rElec)
You can survive without breathing.
You are immune to petrification.
You are immune to miasma.


Message History

A gnoll comes into view. It is wielding a +0 spear.
A gnoll comes into view.
You see here a +0 halberd.
There are monsters nearby!
The gnoll shouts! x2
The gnoll hits you but does no damage. x2
You hit the gnoll but do no damage. The gnoll barely misses you.
The gnoll hits you.
You barely miss the gnoll. The gnoll hits you but does no damage.
The gnoll barely misses you.
You closely miss the gnoll. The gnoll hits you but does no damage.
The gnoll barely misses you.
You see here a +0 halberd.
You barely miss the gnoll. The gnoll hits you.
You hit the gnoll.
The gnoll is lightly wounded.
The gnoll closely misses you. The gnoll barely misses you.
The gnoll hits you from afar with a +0 spear.
You hit the gnoll but do no damage.
The gnoll is lightly wounded.
The gnoll hits you but does no damage. The gnoll barely misses you.
You hit the gnoll but do no damage.
The gnoll is lightly wounded.
The gnoll hits you but does no damage. x2
Your chain mail prevents you from hitting the gnoll.
The gnoll is lightly wounded.
The gnoll hits you. The gnoll barely misses you.
You hit the gnoll but do no damage.
The gnoll is lightly wounded.
The gnoll hits you.
* * * LOW HITPOINT WARNING * * *
The gnoll hits you from afar with a +0 spear.
* * * LOW HITPOINT WARNING * * *
You closely miss the gnoll.
The gnoll is lightly wounded.
The gnoll completely misses you.
The gnoll hits you but does no damage. x2
You hit the gnoll.
The gnoll is moderately wounded.
The gnoll barely misses you. The gnoll hits you.
You die...

,*****,******,,,,,.#*.#*,*,,,***,
,**,,,,,,,,,,,,,**.##.#*,****,*,*
,**,**,*********,*.#.#**,,,,,,,**
,,,,,,,* **,..#* *******,**
,,,,,,,* ###.##### *,,,*
***,**##########.......# *,,,*
*,* #.......##g##.##.# *,,,* *,*
#.......##g#*,#*,******,,,* *,*
#...<...##@#*,,*,**,,,,,,,, *,*
#.....†....#**,,,,,,,,,,,,, ***,*
#.......#..#**,,,**,,,,,,,, ,,,,*
#.......#.....,,,******,,,* ,****
#########.####..** *,,,,,, ,*
#.#***,,* *,*,,,* ,* #..,,,,,*
*,*,,,* ,**** *****###***,**
*,**,,, ,,,,* *,,,,,,,,,,,*
*,***,*


You could see 2 gnolls.

Vanquished Creatures
  A gnoll (D:2)
  An ooze (D:1)
  A dart slug (D:1)
  5 bats
  2 giant cockroaches (D:1)
  5 goblins (D:1)
  4 hobgoblins (D:1)
  2 jackals (D:2)
  2 ball pythons (D:1)
  2 frilled lizards (D:1)
  4 kobolds (D:1)
  6 rats (D:1)
35 creatures vanquished.

Notes
Turn   | Place    | Note
-------+----------+-------------------------------------------
     0 | D:1      | HoaS the Gargoyle Gladiator began the quest for the Orb.
     0 | D:1      | Reached XP level 1. HP: 12/12 MP: 1/1
   295 | D:1      | Reached XP level 2. HP: 12/17 MP: 2/2
   466 | D:1      | Reached skill level 4 in Staves
   715 | D:1      | Reached XP level 3. HP: 21/21 MP: 3/3
  1134 | D:2      | HP: 1/21 [gnoll/+0 spear (4)]
  1136 | D:2      | Slain by a gnoll

Illustrated notes

Levels and vault maps discovered:
D:1:      dpeg_arrival_rhombi, layout_loops_ring
D:2:      layout_loops_cross, minmay_misc_feat_x, uniq_crazy_yiuf_cottage

Skill      XL: |  1  2 |
---------------+-------+-----
Staves         | 4 |  4.6
Fighting       | |  2.1
Throwing       | |  1.7
Dodging        | |  2.4

Action                   || total
-------------------------++-------
Melee: Quarterstaff      ||   104
  Use: Scroll            ||     1
Armor: Leather armour    ||    34
       Chain mail        ||    29
Dodge: Dodged            ||    63

Table legend: (Time is in decaauts)
 A = Elapsed time spent in this place.
 B = Non-inter-level travel time spent in this place.
 C = Inter-level travel time spent in this place.
 D = Time resting spent in this place.
 E = Time spent auto-exploring this place.
 F = Levels seen in this place.
 G = Mean time per level.
                   A        B        C        D        E       F      G
               +--------+--------+--------+--------+--------+-----+--------+
         Total |   1147 |   1115 |     32 |    437 |    468 |   2 |  573.5 |
       Dungeon |   1147 |   1115 |     32 |    437 |    468 |   2 |  573.5 |
               +--------+--------+--------+--------+--------+-----+--------+

Top non-repeatable levels by time:
     D:1: 1116 daAuts
     D:2: 30 daAuts
